 Dungeon Crawl Stone Soup version 0.26-a0-466-g989023bd0d (webtiles) character file.

Game seed: 8865387857447548749

113390 Conn the Eclecticist (level 16, 0/104 HPs)
             Began as an Octopode Conjurer on July 29, 2020.
             Was a High Priest of Sif Muna.
             Slain by a deep elf knight
             ... wielding a +0 scimitar
              (11 damage)
             ... on level 1 of the Elven Halls.
             The game lasted 03:36:44 (40593 turns).

Conn the Eclecticist (Octopode Conjurer)           Turns: 40593, Time: 03:36:47

Health: 0/104      AC:  8    Str: 12    XL:     16   Next: 63%
Magic:  37/54      EV: 17    Int: 35    God:    Sif Muna [*****.]
Gold:   837        SH:  0    Dex: 16    Spells: 1/45 levels left

rFire    . . .     SeeInvis .   x - staff of wizardry
rCold    x . .     Faith    +   (no shield)
rNeg     . . .     Spirit   .   Y - +3 hat of Pondering {ponderous, MR+ MP+10 Int+5}
rPois    .         Reflect  .   g - amulet of faith
rElec    .         Harm     .   E - ring of protection from magic
rCorr    .                      S - ring of ice
MR       ++++.                  V - ring of protection from magic
Stlth    +++++.....             W - +4 ring of protection
HPRegen  0.27/turn              K - ring of flight
MPRegen  0.34/turn              b - ring "Fouluego" {rC- Str+6 Int+4 Dex+4}
                                u - ring of magical power
                                i - ring of fire

@: slow
A: almost no armour, stealthy swim, amphibious, 8 rings, constrict 8, tentacle
spike 1, camouflage 1, blurry vision 1, gelatinous body 1
a: Channel Magic, Forget Spell, Divine Exegesis, Renounce Religion, Evoke Flight


You were on level 1 of the Elven Halls.
You worshipped Sif Muna.
Sif Muna was extremely pleased with you.
You visited 5 branches of the dungeon, and saw 25 of its levels.
You also visited: Sewer.

You collected 2788 gold pieces.
You spent 1951 gold pieces at shops.

Inventory:

Hand Weapons
 a - a +8 quarterstaff of chaos
 I - a +0 dagger of venom
Missiles
 m - 256 sling bullets
 v - 6 atropa-tipped darts
 D - 3 curare-tipped darts (quivered)
Armour
 Y - the +3 hat of Pondering (worn) {ponderous, MR+ MP+10 Int+5}
   (You took it off Gastronok on level 2 of the Lair of Beasts)

   It affects your intelligence (+5).
   It affects your resistance to hostile enchantments.
   It affects your magic capacity (+10).
Magical Staves
 o - an uncursed staff of air
 x - an uncursed staff of wizardry (weapon)
 J - an uncursed staff of fire
Jewellery
 b - the ring "Fouluego" (on tentacle) {rC- Str+6 Int+4 Dex+4}
   (You bought it in a shop on level 13 of the Dungeon)

   [ring of strength]

   It affects your strength (+6).
   It affects your intelligence (+4).
   It affects your dexterity (+4).
   It makes you vulnerable to cold.
 g - an amulet of faith (around mantle)
 i - a ring of fire (on tentacle)
 s - an uncursed ring of protection from magic
 u - a ring of magical power (on tentacle)
 E - a ring of protection from magic (left tentacle)
 K - a ring of flight (on tentacle)
 S - a ring of ice (right tentacle)
 V - a ring of protection from magic (on tentacle)
 W - a +4 ring of protection (on tentacle)
Wands
 d - a wand of enslavement (3)
 t - a wand of acid (16)
 G - a wand of polymorph (25)
 O - a wand of clouds (1)
 P - a wand of iceblast (14)
 R - a wand of flame (39)
Scrolls
 c - 11 scrolls of identify
 h - 2 scrolls of immolation
 j - a scroll of enchant weapon
 k - 3 scrolls of fear
 l - 7 scrolls of teleportation
 n - 3 scrolls of fog
 r - 5 scrolls of enchant armour
 B - 8 scrolls of remove curse
 M - 4 scrolls of blinking
 U - a scroll of magic mapping
 Z - 2 scrolls of summoning
Potions
 e - a potion of might
 f - 2 potions of cancellation
 p - a potion of resistance
 z - 11 potions of ambrosia
 F - 4 potions of brilliance
 L - 2 potions of magic
 Q - 10 potions of curing
 T - a potion of stabbing
 X - 2 potions of flight
Miscellaneous
 N - a lightning rod (4/4)


   Skills:
 + Level 7.7 Fighting
 + Level 1.7 Short Blades
 + Level 6.1 Staves
   Level 3.6 Slings
 + Level 0.2(2.2) Throwing
 + Level 6.3 Dodging
 + Level 7.1 Stealth
 * Level 15.2 Spellcasting
 + Level 12.7 Conjurations
   Level 1.1 Hexes
 * Level 5.7 Summonings
   Level 6.5 Necromancy
 + Level 7.4 Translocations
 * Level 8.5 Fire Magic
 + Level 6.7 Earth Magic
 - Level 5.0 Invocations
 + Level 1.1 Evocations


You had one spell level left.
You knew the following spells:

 Your Spells              Type           Power        Failure   Level
a - Magic Dart            Conj           ####         0%          1
b - Searing Ray           Conj           ######       0%          2
c - Spellforged Servitor  Conj/Summ      #######...   12%         7
d - Iskenderun's Mystic   Conj/Tloc      #######.     1%          4
e - Fireball              Conj/Fire      ########..   1%          5
f - Lee's Rapid Deconstr  Erth           ######....   1%          5
g - Orb of Destruction    Conj           #######...   2%          7
h - Passwall              Tmut/Erth      ######..     1%          2
i - Summon Forest         Summ/Tloc      ######....   1%          5
j - Dispersal             Tloc           ######....   4%          6

Your spell library contained the following spells:

 Spells                   Type           Power        Failure   Level
 Animate Skeleton         Necr           ######       1%          1
 Apportation              Tloc           ######       1%          1
 Corona                   Hex            ####...      1%          1
 Pain                     Necr           ####         1%          1
 Sandblast                Erth           ######       1%          1
 Shock                    Conj/Air       ####         1%          1
 Sting                    Tmut/Pois      ####         1%          1
 Summon Small Mammal      Summ           ####         1%          1
 Call Imp                 Summ           ######..     1%          2
 Ensorcelled Hibernation  Hex/Ice        #####.       1%          2
 Poisonous Vapours        Pois/Air       ####..       1%          2
 Call Canine Familiar     Summ           ######..     1%          3
 Confusing Touch          Hex            ####....     1%          3
 Conjure Flame            Conj/Fire      ########     1%          3
 Dazzling Flash           Conj/Hex       ######       1%          3
 Gell's Gravitas          Tloc           ######....   1%          3
 Lesser Beckoning         Tloc           ######....   1%          3
 Stone Arrow              Conj/Erth      ######       1%          3
 Teleport Other           Tloc           ######..     1%          3
 Tukima's Dance           Hex            ####....     1%          3
 Vampiric Draining        Necr           ######....   1%          3
 Animate Dead             Necr           ######....   1%          4
 Fulminant Prism          Conj/Hex       ######....   1%          4
 Passage of Golubria      Tloc           N/A          1%          4
 Petrify                  Tmut/Erth      ######..     1%          4
 Sticky Flame             Conj/Fire      ########     1%          4
 Agony                    Necr           ######..     1%          5
 Irradiate                Conj/Tmut      ######....   1%          5
 Iskenderun's Battlesphe  Conj           #######.     1%          5
 Lightning Bolt           Conj/Air       ######....   1%          5
 Iron Shot                Conj/Erth      #######...   1%          6
 Starburst                Conj/Fire      ########..   1%          6
 Olgreb's Toxic Radiance  Pois           ####....     6%          4
 Yara's Violent Unravell  Hex/Tmut       ####......   13%         5
 Alistair's Intoxication  Tmut/Pois      ####.....    16%         5
 Statue Form              Tmut/Erth      ######...    22%         6
 Malign Gateway           Summ/Tloc      ######....   32%         7
 Invisibility             Hex            ####....     47%         6
 Hydra Form               Tmut           ####......   63%         6
 Disjunction              Tloc           ######....   85%         8
 Necromutation            Tmut/Necr      #####.....   100%        8
 Dragon's Call            Summ           ######....   100%        9


Dungeon Overview and Level Annotations

Branches:
Dungeon (15/15)            Temple (1/1) D:5            Lair (6/6) D:11
 Shoals (0/4) Lair:3       Spider (0/4) Lair:2        Slime (0/5) Lair:6
    Orc (2/2) D:9             Elf (1/3) Orc:2        Vaults (0/5) D:14
 Depths (0/5) D:15          Sewer (visited)

Altars:
Ashenzari
Cheibriados
Fedhas
Hepliaklqana
Nemelex Xobeh
Sif Muna
Trog
Uskayaw
Vehumet
Wu Jian
Xom
Yredelemnul
The Shining One
Jiyva

Shops:
D:5 !([?   D:7 [   D:8 ?   D:13 =}}   Orc:2 (*(?:   Elf:1 =


Innate Abilities, Weirdness & Mutations

You cannot wear most types of armour.
You are very stealthy in the water. (Stealth+)
You are amphibious.
You can wear up to eight rings at the same time.
You can use your tentacles to constrict eight enemies at once.
Your skin changes colour to match your surroundings (Stealth+).
Your rubbery body absorbs attacks. (AC +1, EV +1)
One of your tentacles bears a spike.
Scrolls take you a little longer to read.


Message History

The deep elf archer unwields a +0 long sword.
The deep elf archer wields a +0 shortbow.
The deep elf archer shoots an arrow.
The arrow hits you!
Unknown command.
The searing ray misses the deep elf mage.
Casting: Searing Ray (safe; 0% risk of failure)
Confirm with . or Enter, or press ? or * to list all spells.
Press: ? - help, Shift-Dir - straight line, f - deep elf archer
Aim: a deep elf archer, wielding a +0 shortbow, wearing a +0 leather armour and quivering 26 arrows (heavily wounded, repelling missiles)
You feel a surge of power!
The fireball explodes!
The fireball engulfs something!!
The fireball engulfs you!!!
The fireball engulfs your spellforged servitor.
Your spellforged servitor resists.
Your spellforged servitor is lightly damaged.
You hear some strange, mumbled words.
A shard of ice appears from out of thin air!
The shard of ice hits you!!!
You feel a painful chill!
* * * LOW HITPOINT WARNING * * *
Something hits you!
You die...

##.##.# #.##
....'.............. #.##.###..#
...'..#...######.. ##.........#
.##.....##..###.. ...##.####.#
##.....##....##..
..#...###########...#..'......#
###.#..................'......#
#+#######.#.#.#.#....##....##
#..#.#8#.########..##
#.ee..{@..# #### #.##..##### #
#..# ....# ###.## #.# #..


You could see a deep elf archer (repels missiles), a deep elf mage and a
friendly spellforged servitor (summoned).

Vanquished Creatures
  Gastronok (Lair:2)
  A deep elf sorcerer (Elf:1)
  Louise (D:15)
  An entropy weaver (Lair:5)
  A deep elf demonologist (Elf:1)
  The ghost of MrRokkomies the Spear-Bearer, a journeyman PaDe of Yredelemnul (Lair:6)
  2 dire elephants (Lair:6)
  An ettin (D:14)
  The ghost of Ysi Cemn the Geomancer, a journeyman GrEE of Sif Muna (D:13)
  A quicksilver dragon zombie (D:15)
  A deep elf high priest (Elf:1)
  Harold (D:7)
  A rakshasa (D:15)
  3 hydras
  A centaur warrior (D:13)
  An anaconda (Lair:6)
  Erica (Lair:1)
  A queen ant (Lair:5)
  16 two-headed ogres
  2 ogre magi
  4 dancing weapons
  2 orc high priests
  Urug (D:15)
  A hell knight (D:15)
  A deep elf knight (Elf:1)
  An iron troll (D:14)
  Nergalle (Lair:3)
  A nameless horror (D:14)
  A skeletal warrior (D:15)
  A shadow wraith (D:14)
  4 unseen horrors
  A glowing orange brain (shapeshifter) (D:9)
  2 deep trolls (Orc:2)
  A phantasmal warrior (D:15)
  4 deep elf archers (Elf:1)
  2 lindwurms
  A necromancer (D:15)
  2 orc knights
  A wizard (D:14)
  A wolf spider zombie (D:13)
  22 deep elf magi
  3 manticores
  4 orc sorcerers
  2 oklob plants (D:11)
  3 ugly things (D:14)
  5 cyclopes
  16 elephants
  A frost giant skeleton (D:15)
  Joseph (D:8)
  4 black mambas
  6 cane toads
  A torpor snail (Lair:6)
  A cane toad (shapeshifter) (D:14)
  2 rime drakes (Lair:6)
  A kobold demonologist (D:12)
  An efreet (D:14)
  Maggie (D:6)
  2 freezing wraiths (D:13)
  5 komodo dragons
  A polar bear (Lair:2)
  6 meliai
  A tengu conjurer (D:15)
  15 trolls
  A queen bee (Lair:6)
  4 slime creatures
  8 blink frogs
  A harpy skeleton (D:14)
  7 hippogriffs
  A dream sheep (shapeshifter) (D:11)
  A deep troll zombie (D:15)
  7 redbacks
  3 shadows
  A tarantella (Orc:1)
  33 yaks
  A spriggan (shapeshifter) (D:12)
  6 wraiths
  2 wyverns
  Eustachio (D:4)
  A vampire (D:9)
  Grum (D:9)
  4 basilisks
  2 wargs
  5 soldier ants (Lair:5)
  2 vampire mosquitoes (D:15)
  13 water moccasins
  2 acid dragons (D:15)
  22 orc warriors
  4 porcupines
  4 sky beasts
  A sky beast (shapeshifter) (Elf:1)
  4 ice beasts
  2 eyes of draining
  A black bear (D:13)
  2 phantoms
  A necrophage (D:6)
  25 ogres
  12 crocodiles
  9 wolves
  13 centaurs
  A yaktaur zombie (D:15)
  6 big kobolds
  16 bullfrogs
  An earth elemental (Elf:1)
  2 wyvern skeletons
  6 scorpions
  28 wights
  27 killer bees
  8 howler monkeys
  2 electric eels (Lair:4)
  2 vampire bats (Lair:5)
  2 bullfrog zombies
  5 centaur zombies
  6 hounds
  3 jellies
  15 orc priests
  Crazy Yiuf (D:3)
  21 orc wizards
  6 centaur skeletons
  Terence (D:3)
  Ijyb (D:4)
  3 iguanas
  19 worker ants
  4 hell rats (Lair:4)
  Natasha (twice) (D:4)
  A hound skeleton (D:9)
  Robin (D:3)
  A howler monkey skeleton (D:6)
  4 gnolls (D:3)
  17 adders
  2 river rats (D:6)
  2 shadow imps
  3 white imps
  4 ufetubi
  An ooze (D:3)
  An adder skeleton (D:9)
  3 worms
  A dart slug (D:1)
  5 leopard geckos
  86 orcs
  2 ball pythons
  4 giant cockroaches
  14 goblins
  14 hobgoblins
  6 quokkas
  22 bats
  5 frilled lizards
  23 kobolds
  A quokka zombie (D:9)
  10 rats
  A fulminant prism (D:11)
  2 fungi (Lair:3)
  7 plants
814 creatures vanquished.

Vanquished Creatures (collateral kills)
  A skeletal warrior (D:15)
  A lindwurm (shapeshifter) (D:15)
  3 deep elf magi (Elf:1)
  A centaur zombie (D:15)
  A yak (D:11)
  A vampire (D:11)
  2 vampire mosquitoes (D:15)
  A big kobold (D:11)
  An adder (D:11)
  2 kobolds (D:11)
14 creatures vanquished.

Vanquished Creatures (others)
  A deep elf mage (Elf:1)
  A wyvern zombie (D:11)
  An orc (Orc:2)
  A bush (Lair:5)
  25 fulminant prisms
  16 fungi
  19 plants
  A withered plant (D:15)
65 creatures vanquished.

Grand Total: 893 creatures vanquished

Notes
Turn   | Place    | Note
-------+----------+-------------------------------------------
     0 | D:1      | Conn the Octopode Conjurer began the quest for the Orb.
     0 | D:1      | Reached XP level 1. HP: 11/11 MP: 3/3
   269 | D:1      | Reached XP level 2. HP: 17/17 MP: 0/5
  1013 | D:2      | Learned a level 2 spell: Searing Ray
  1081 | D:2      | Reached XP level 3. HP: 21/21 MP: 0/6
  1086 | D:2      | Learned a level 3 spell: Dazzling Flash
  1532 | D:2      | Found a shattered altar of Ashenzari.
  1535 | D:2      | Found a hazy altar of Hepliaklqana.
  1656 | D:2      | Reached XP level 4. HP: 25/27 MP: 7/7
  1683 | D:2      | Found a snail-covered altar of Cheibriados.
  1683 | D:2      | Found a hide-covered altar of Uskayaw.
  1686 | D:2      | Reached skill level 1 in Fighting
  1769 | D:2      | Found a sparkling altar of Nemelex Xobeh.
  1769 | D:2      | Found an ornate altar of the Wu Jian Council.
  2424 | D:3      | Reached skill level 1 in Slings
  2555 | D:3      | Reached XP level 5. HP: 33/33 MP: 5/8
  2972 | D:3      | Noticed Robin
  2984 | D:3      | Killed Robin
  3011 | D:3      | Noticed Terence
  3126 | D:3      | Killed Terence
  3126 | D:3      | Reached XP level 6. HP: 32/39 MP: 4/9
  3680 | D:3      | Found a runed translucent door.
  3681 | D:3      | Noticed Crazy Yiuf
  3688 | D:3      | Killed Crazy Yiuf
  3688 | D:3      | Reached skill level 5 in Conjurations
  3772 | D:3      | Reached skill level 1 in Short Blades
  4070 | D:4      | Noticed Ijyb
  4085 | D:4      | Killed Ijyb
  4551 | D:4      | Learned a level 4 spell: Iskenderun's Mystic Blast
  4593 | D:4      | Noticed Natasha
  4614 | D:4      | Killed Natasha
  4614 | D:4      | Reached skill level 3 in Spellcasting
  4728 | D:4      | Reached XP level 7. HP: 34/46 MP: 11/11
  4849 | D:4      | Noticed Natasha
  4867 | D:4      | Killed Natasha
  5102 | D:4      | Noticed Eustachio
  5106 | D:4      | Killed Eustachio
  5106 | D:4      | Reached skill level 1 in Staves
  5106 | D:4      | Reached skill level 1 in Translocations
  5165 | D:5      | Entered Level 5 of the Dungeon
  5165 | D:5      | Found Luovyps's Antique Armour Shoppe.
  5175 | D:5      | Bought a dazzling tower shield for 209 gold pieces
  5182 | D:5      | Identified the cursed +0 tower shield of Poor Excuses
                  | {Str+3 Stlth+} (You bought it in a shop on level 5 of the
                  | Dungeon)
  5395 | D:5      | Identified the cursed +0 great sword "Qautut" {antimagic,
                  | rF+}
  5470 | D:5      | Reached XP level 8. HP: 42/54 MP: 8/13
  5557 | D:5      | Found Goxegg's Distillery.
  5582 | D:5      | Found a staircase to the Ecumenical Temple.
  5666 | Temple   | Entered the Ecumenical Temple
  5680 | Temple   | Became a worshipper of Sif Muna the Loreminder
  5718 | D:5      | Found Pusar's Magic Scroll Emporium.
  5725 | D:5      | Bought a scroll of teleportation for 33 gold pieces
  5811 | D:5      | Found a bloodstained altar of Trog.
  5890 | D:5      | Found Ceful's Weapon Emporium.
  6216 | D:6      | Found a blossoming altar of Fedhas.
  6413 | D:6      | Reached skill level 4 in Spellcasting
  6585 | D:6      | Reached skill level 5 in Spellcasting
  6594 | D:6      | Reached * piety under Sif Muna
  6601 | D:6      | Found a glowing drain.
  6605 | Sewer    | Entered a sewer
  6789 | Sewer    | Reached XP level 9. HP: 58/58 MP: 8/16
  6857 | D:6      | Learned a level 3 spell: Vampiric Draining
  7354 | D:6      | Noticed Maggie
  7368 | D:6      | Killed Maggie
  7368 | D:6      | Reached skill level 1 in Necromancy
  7681 | D:7      | Reached skill level 5 in Fighting
  7778 | D:7      | Reached ** piety under Sif Muna
  7852 | D:7      | Reached skill level 6 in Spellcasting
  7863 | D:7      | Reached skill level 5 in Stealth
  8567 | D:7      | Found Semuf Dyuf's Armour Emporium.
  8618 | D:7      | Found a radiant altar of Vehumet.
  8658 | D:7      | Noticed Harold
  8672 | D:7      | Killed Harold
  8672 | D:7      | Reached XP level 10. HP: 36/66 MP: 19/19
  9624 | D:8      | Found Reroim's Magic Scroll Emporium.
  9630 | D:8      | Bought a scroll of blinking for 120 gold pieces
  9630 | D:8      | Bought a scroll of fear for 56 gold pieces
  9961 | D:8      | Noticed Joseph
  9974 | D:8      | Killed Joseph
 11045 | D:9      | Reached skill level 7 in Spellcasting
 11123 | D:9      | Noticed Grum
 11142 | D:9      | Learned a level 4 spell: Fulminant Prism
 11147 | D:9      | Learned a level 4 spell: Animate Dead
 11156 | D:9      | Reached *** piety under Sif Muna
 11197 | D:9      | Killed Grum
 11271 | D:9      | Found a staircase to the Orcish Mines.
 12151 | D:9      | Reached skill level 5 in Translocations
 12151 | D:9      | Noticed a two-headed ogre
 12622 | D:9      | Reached XP level 11. HP: 72/72 MP: 19/22
 12908 | D:9      | Learned a level 2 spell: Passwall
 12930 | D:9      | Killed a two-headed ogre
 12949 | D:9      | Reached skill level 8 in Spellcasting
 13613 | D:9      | Noticed a sea snake
 13700 | D:9      | Learned a level 3 spell: Stone Arrow
 13754 | D:9      | Noticed a glowing orange brain
 13762 | D:9      | Killed a glowing orange brain
 13910 | D:10     | Entered Level 10 of the Dungeon
 14310 | D:10     | Reached **** piety under Sif Muna
 15461 | D:11     | Reached skill level 5 in Staves
 16163 | D:11     | Found a staircase to the Lair.
 16165 | D:11     | Noticed an oklob plant
 16168 | D:11     | Noticed an oklob plant
 16182 | D:11     | Killed an oklob plant
 16182 | D:11     | Reached skill level 9 in Spellcasting
 16675 | D:11     | Noticed a glowing shapeshifter
 16675 | D:11     | a yak changed into a glowing shapeshifter
 16675 | D:11     | Noticed a glowing orange brain
 16675 | D:11     | a glowing shapeshifter changed into a glowing orange brain
 16676 | D:11     | Noticed an anaconda
 16676 | D:11     | a glowing orange brain changed into an anaconda
 16677 | D:11     | Noticed a spark wasp
 16677 | D:11     | an anaconda changed into a spark wasp
 17380 | D:11     | Killed an oklob plant
 17664 | Lair:1   | Entered Level 1 of the Lair of Beasts
 17730 | Lair:1   | Noticed Erica
 17739 | Lair:1   | Killed Erica
 17739 | Lair:1   | Reached XP level 12. HP: 80/80 MP: 17/25
 18138 | Lair:1   | Reached skill level 1 in Invocations
 18447 | Lair:1   | Reached skill level 5 in Necromancy
 18454 | Lair:1   | Reached ***** piety under Sif Muna
 18892 | Lair:2   | Identified Sif Muna's Catalogue of Arcane Weapons (Sif Muna
                  | gifted it to you on level 2 of the Lair of Beasts)
 18892 | Lair:2   | Received a gift from Sif Muna
 18905 | Lair:2   | Learned a level 5 spell: Iskenderun's Battlesphere
 18911 | Lair:2   | Learned a level 5 spell: Fireball
 19605 | Lair:2   | Found a hole to the Spider Nest.
 19765 | Lair:3   | Noticed Gastronok
 19799 | Lair:2   | Killed Gastronok
 19799 | Lair:2   | Reached skill level 10 in Spellcasting
 19799 | Lair:2   | Reached skill level 10 in Conjurations
 19799 | Lair:2   | Reached skill level 1 in Fire Magic
 20419 | Lair:3   | Noticed Nergalle
 20426 | Lair:3   | Killed Nergalle
 20564 | Lair:3   | Learned a level 5 spell: Agony
 20574 | Lair:3   | Noticed a four-headed hydra
 20593 | Lair:3   | HP: 1/81 [lindwurm/blast of flame (39)]
 20986 | Lair:3   | Killed a four-headed hydra
 21259 | Lair:3   | Found a staircase to the Shoals.
 21682 | Lair:4   | Reached XP level 13. HP: 78/86 MP: 27/27
 22248 | Lair:4   | Reached skill level 11 in Spellcasting
 23058 | Lair:5   | Identified Ziez's Collected Works on the Voyage and
                  | Enchantment (Sif Muna gifted it to you on level 5 of the
                  | Lair of Beasts)
 23058 | Lair:5   | Received a gift from Sif Muna
 23651 | Lair:5   | Reached skill level 1 in Hexes
 23653 | Lair:5   | Noticed an entropy weaver
 23665 | Lair:5   | Killed an entropy weaver
 23665 | Lair:5   | Reached skill level 5 in Dodging
 23665 | Lair:5   | Reached skill level 1 in Evocations
 24753 | Lair:6   | Entered Level 6 of the Lair of Beasts
 25204 | Lair:6   | Gained mutation: Scrolls take you a little longer to read.
                  | [potion of mutation]
 25204 | Lair:6   | Gained mutation: One of your tentacles bears a spike.
                  | [potion of mutation]
 25416 | Lair:6   | Found a runed translucent door.
 25420 | Lair:6   | Noticed MrRokkomies's ghost (journeyman PaDe)
 25433 | Lair:6   | Killed MrRokkomies's ghost
 25637 | Lair:6   | Reached skill level 5 in Invocations
 25644 | Lair:6   | Received a gift from Sif Muna
 25644 | Lair:6   | Reached skill level 12 in Spellcasting
 25860 | Lair:6   | Reached skill level 1 in Earth Magic
 25897 | Lair:6   | Reached XP level 14. HP: 43/92 MP: 1/30
 26410 | Lair:6   | Found a viscous altar of Jiyva.
 26410 | Lair:6   | Found a staircase to the Slime Pits.
 26764 | Lair:6   | Reached skill level 5 in Fire Magic
 27132 | Lair:6   | Learned a level 7 spell: Spellforged Servitor
 27194 | Lair:6   | Noticed a dire elephant
 27194 | Lair:6   | Noticed a dire elephant
 27200 | Lair:6   | Killed a dire elephant
 27204 | Lair:6   | Killed a dire elephant
 27560 | Orc:1    | Entered Level 1 of the Orcish Mines
 27564 | Orc:1    | Reached skill level 1 in Summonings
 28405 | Orc:2    | Entered Level 2 of the Orcish Mines
 28952 | Orc:1    | Learned a level 5 spell: Lee's Rapid Deconstruction
 29118 | D:11     | Identified Sif Muna's Collected Works on Spatial
                  | Transmutation (Sif Muna gifted it to you on level 11 of the
                  | Dungeon)
 29118 | D:11     | Received a gift from Sif Muna
 29614 | D:12     | HP: 2/92 [yak (12)]
 30502 | D:12     | Found a shimmering blue altar of Sif Muna.
 30515 | D:12     | Identified Sif Muna's Handbook of Envenoming
 30573 | D:12     | Reached skill level 13 in Spellcasting
 30617 | D:12     | You fall into a shaft and drop 3 floors!
 30617 | D:15     | Entered Level 15 of the Dungeon
 31141 | D:13     | Found Qehehodo's Gadget Boutique.
 31265 | D:13     | Found a runed translucent gate.
 31266 | D:13     | Found a runed translucent gate.
 31267 | D:13     | Found a runed translucent gate.
 31268 | D:13     | Noticed Ysi Cemn's ghost (journeyman GrEE)
 31279 | D:13     | Found Cijeduv's Gadget Shop.
 31448 | D:13     | Received a gift from Sif Muna
 31453 | D:13     | Found Zonic's Jewellery Shoppe.
 31492 | D:13     | Bought the ring "Fouluego" {rC- Str+6 Int+4 Dex+4} for 903
                  | gold pieces
 31492 | D:13     | Bought an uncursed ring of magical power for 240 gold
                  | pieces
 31496 | D:13     | Bought an uncursed ring of ice for 300 gold pieces
 31965 | D:13     | Found a glowing golden altar of the Shining One.
 32071 | D:13     | Reached XP level 15. HP: 97/97 MP: 32/32
 32383 | D:13     | Learned a level 6 spell: Dispersal
 32397 | D:13     | Killed Ysi Cemn's ghost
 34597 | D:14     | Found a gate to the Vaults.
 35054 | D:14     | Reached skill level 5 in Earth Magic
 35343 | D:15     | Identified Wekeirhu's Tome of Creation (Sif Muna gifted it
                  | to you on level 15 of the Dungeon)
 35343 | D:15     | Received a gift from Sif Muna
 35367 | D:15     | Noticed Urug
 35371 | D:15     | Killed Urug
 35395 | D:15     | Noticed Louise
 35399 | D:15     | Killed Louise
 36041 | D:15     | Reached skill level 14 in Spellcasting
 36492 | D:15     | Found a staircase to the Depths.
 37236 | Orc:2    | Identified Sif Muna's Tome of Feathery Conjuration (Sif
                  | Muna gifted it to you on level 2 of the Orcish Mines)
 37236 | Orc:2    | Received a gift from Sif Muna
 37239 | Orc:2    | Reached XP level 16. HP: 64/103 MP: 15/34
 37245 | Orc:2    | Reached skill level 5 in Summonings
 37493 | Orc:1    | Learned a level 7 spell: Orb of Destruction
 38129 | Orc:2    | Found Oruijue's Weapon Emporium.
 38181 | Orc:2    | Found Yblifao's Magic Scroll Shoppe.
 38182 | Orc:2    | Found Bamub's General Store.
 38188 | Orc:2    | Found Fyifiolo's Book Shop.
 38190 | Orc:2    | Bought a scroll of blinking for 90 gold pieces
 38197 | Orc:2    | Found Zuikhlesm's Weapon Shoppe.
 38484 | Orc:2    | Found a staircase to the Elven Halls.
 39069 | Elf:1    | Entered Level 1 of the Elven Halls
 39084 | Elf:1    | Identified Sif Muna's Disquisition on Dislocation and
                  | Toxins (Sif Muna gifted it to you on level 1 of the Elven
                  | Halls)
 39084 | Elf:1    | Received a gift from Sif Muna
 39354 | Elf:1    | Learned a level 5 spell: Summon Forest
 39816 | Elf:1    | Found Xetobequ's Jewellery Emporium.
 40193 | Elf:1    | Reached skill level 15 in Spellcasting
 40581 | Elf:1    | Identified the +9 war axe of Terror {drain, Dex+2}
 40593 | Elf:1    | Slain by a deep elf knight

Illustrated notes

Levels and vault maps discovered:
D:1:      lightli_arrival_boilingwater, layout_basic
D:2:      layout_basic, grunt_temple_overflow_open,
          gammafunk_temple_overflow_pools, chequers_serial_rivers_small_3,
          minmay_strange_pillars
D:3:      layout_loops_cross, uniq_robin, uniq_crazy_yiuf_cottage, uniq_terence
D:4:      layout_loops_cross, uniq_eustachio, uniq_ijyb, uniq_natasha
D:5:      layout_gridville, minmay_temple_entry_wispy, serial_shops, shop,
          nicolae_shop_trees, shop, nicolae_shop_crystal,
          kennysheep_small_spiral, trog_book
D:6:      layout_rooms, gup_sewer_entry_bowl, fedhas_altar_2, uniq_maggie
D:7:      layout_rooms, serial_shops, kennysheep_little_box, kennysheep_diamond,
          skrybe_limestone_x, uniq_harold
D:8:      layout_loops_corners, serial_shops, kennysheep_mini_moat,
          kennysheep_another_room, uniq_joseph
D:9:      minmay_quarter_circles, layout_irregular_city, uniq_grum
D:10:     layout_irregular_city
D:11:     layout_cave_pods, dpeg_oklobed_lair
D:12:     layout_long_grid, led_sif_book
D:13:     layout_irregular_city, gammafunk_ghost_spectres, serial_shops,
          shop_statue, shop, shop, tso_altar
D:14:     layout_roguey, david_vaults_4, chequers_serial_rivers_micro_c
D:15:     gammafunk_depths_entry_grave, layout_irregular_city,
          grunt_decor_arrowhead, sword_in_stone
Temple:   nicolae_temple_elliptical
Lair:1:   layout_roguey, chequers_serial_rivers_room_b, uniq_erica, uniq_urug
Lair:2:   layout_roguey, spider_nest_entry_webs
Lair:3:   layout_misc_corridors, elwin_shoals_entry_rocks, uniq_gastronok,
          uniq_nergalle
Lair:4:   layout_regular_city, grunt_megastairs_5, lemuel_fruit_tree,
          infiniplex_staircase_pool, serial_bayou_shore_a
Lair:5:   layout_loops_ring, roderic_batcave, wad_woods_antlair
Lair:6:   due_jungle_book, layout_misc_corridors,
          dpeg_slime_entry_enclosed_altar, ebering_ghost_reflecting_pool,
          special_room [special_room_bee]
Orc:1:    nicolae_orc_accident_3, layout_diamond_mine, nicolae_orc_crystal_geode
Orc:2:    st_orc_open, layout_caves, serial_shops, shop
Elf:1:    eino_elf_arrival_customs, layout_loops_corners, serial_shops,
          nicolae_shop_statue_plus, hangedman_elf_represent, dk_noncrumbling_3,
          kilobyte_mutagenic_chamber, uniq_nikola

Skill      XL: |  1  2  3  4  5  6  7  8  9 10 11 12 13 14 15 16 |
---------------+-------------------------------------------------+-----
Stealth        | 3 4 5 6 7 |  7.1
Fighting       | 1 2 3 4 5 6 7 |  7.7
Slings         | 1 2 3 |  3.6
Conjurations   | 5 6 7 8 9 10 11 12 | 12.7
Short Blades   | 1 |  1.7
Spellcasting   | 3 5 6 7 9 10 12 13 14 15 | 15.2
Staves         | 2 3 4 5 6 |  6.1
Translocations | 1 2 4 5 6 7 |  7.4
Dodging        | 3 4 5 6 |  6.3
Necromancy     | 2 3 4 5 6 |  6.5
Invocations    | 3 5 |  5.0
Fire Magic     | 2 4 6 7 8 |  8.5
Hexes          | 1 |  1.1
Evocations     | 1 |  1.1
Earth Magic    | 1 4 6 |  6.7
Summonings     | 3 4 5 |  5.7
Throwing       | |  0.2

Action                   |  1- 3 |  4- 6 |  7- 9 | 10-12 | 13-15 | 16-18 || total
-------------------------+-------+-------+-------+-------+-------+-------++-------
Melee: Unarmed           |     5 |       |       |       |       |       ||     5
       Constrict         |     8 |    15 |     9 |    14 |    21 |     2 ||    69
       Tentacles         |     4 |     4 |    10 |    15 |    21 |     3 ||    57
       Short sword       |    20 |    35 |       |       |       |       ||    55
       Quarterstaff      |       |    26 |    30 |    41 |    79 |    10 ||   186
       Staff             |       |       |    32 |    43 |    72 |     6 ||   153
       Kick              |       |       |       |       |    34 |     2 ||    36
 Fire: Hunting sling     |     1 |    48 |     8 |       |       |       ||    57
Throw: Throwing net      |       |       |       |     3 |       |       ||     3
       Dart              |       |       |       |       |     5 |       ||     5
 Cast: Magic Dart        |    46 |    46 |    74 |   102 |   105 |     8 ||   381
       Searing Ray       |     2 |    17 |    41 |   113 |   148 |    24 ||   345
       Dazzling Flash    |       |       |     2 |     4 |       |       ||     6
       Iskenderun's Myst |       |       |     2 |    40 |    88 |    16 ||   146
       Fulminant Prism   |       |       |       |    22 |     4 |       ||    26
       Animate Dead      |       |       |       |    13 |       |       ||    13
       Vampiric Draining |       |       |       |     1 |       |       ||     1
       Stone Arrow       |       |       |       |     1 |     3 |       ||     4
       Fireball          |       |       |       |    10 |   188 |    23 ||   221
       Iskenderun's Batt |       |       |       |     6 |     3 |       ||     9
       Agony             |       |       |       |       |     1 |       ||     1
       Lee's Rapid Decon |       |       |       |       |    34 |    18 ||    52
       Dispersal         |       |       |       |       |     2 |     4 ||     6
       Spellforged Servi |       |       |       |       |     2 |     2 ||     4
       Orb of Destructio |       |       |       |       |       |    11 ||    11
       Summon Forest     |       |       |       |       |       |     1 ||     1
Invok: Channel Magic     |       |       |       |       |     1 |     1 ||     2
Evoke: Wand              |       |       |     2 |     8 |     8 |     1 ||    19
       Box of beasts     |       |       |       |     1 |       |       ||     1
       Lightning rod     |       |       |       |       |     1 |       ||     1
  Use: Scroll            |       |       |     7 |    14 |    15 |     2 ||    38
       Potion            |       |       |     2 |    10 |    11 |     3 ||    26
 Stab: Sleeping          |       |     6 |     1 |     3 |     4 |       ||    14
       Distracted        |       |       |       |     1 |       |       ||     1
       Petrified         |       |       |       |       |     1 |       ||     1
Armor: Skin              |     5 |    10 |     3 |    26 |   101 |     8 ||   153
Dodge: Dodged            |    23 |    61 |    68 |   134 |   244 |    40 ||   570

Table legend: (Time is in decaauts)
 A = Elapsed time spent in this place.
 B = Non-inter-level travel time spent in this place.
 C = Inter-level travel time spent in this place.
 D = Time resting spent in this place.
 E = Time spent auto-exploring this place.
 F = Levels seen in this place.
 G = Mean time per level.
                   A        B        C        D        E       F      G
               +--------+--------+--------+--------+--------+-----+--------+
         Total |  41361 |  40329 |   1032 |  15063 |  15646 |  26 | 1590.8 |
       Dungeon |  25960 |  25297 |    663 |   8903 |  10605 |  15 | 1730.7 |
        Temple |     24 |     14 |     10 |      0 |      6 |   1 |   24.0 |
          Lair |  10144 |   9823 |    321 |   3776 |   3761 |   6 | 1690.7 |
  Orcish Mines |   3693 |   3656 |     37 |   1546 |   1057 |   2 | 1846.5 |
   Elven Halls |   1302 |   1302 |      0 |    694 |    215 |   1 | 1302.0 |
         Sewer |    236 |    236 |      0 |    144 |      0 |   1 |  236.0 |
               +--------+--------+--------+--------+--------+-----+--------+

Top non-repeatable levels by time:
     D:9: 3140 daAuts
  Lair:6: 2793 daAuts
    D:14: 2546 daAuts
   Orc:1: 2374 daAuts
    D:13: 2374 daAuts
    D:11: 2351 daAuts
     D:8: 1954 daAuts
  Lair:5: 1910 daAuts
  Lair:2: 1768 daAuts
    D:12: 1736 daAuts
    D:10: 1598 daAuts
    D:15: 1596 daAuts
     D:3: 1593 daAuts
     D:2: 1467 daAuts
     D:7: 1353 daAuts
